 Dungeon Crawl Stone Soup version 0.29-a0-870-g2c972031a6 (webtiles) character file.

Game seed: 12690727478513452276

163 zeratav the Stinger (level 5, -1/31 HPs)
             Began as an Octopode Venom Mage on July 18, 2022.
             Slain by Ijyb
             ... wielding a +0 club
              (4 damage)
             ... on level 3 of the Dungeon.
             The game lasted 00:03:11 (3509 turns).

zeratav the Stinger (Octopode Venom Mage)           Turns: 3509, Time: 00:03:12

Health: -1/31      AC:  1    Str:  7    XL:     5   Next: 44%
Magic:  3/8        EV: 13    Int: 20    God:
Gold:   138        SH:  0    Dex: 12    Spells: 5/8 levels left

rFire   . . .      SeeInvis .   b - +0 dagger {short}
rCold   . . .      Faith    .   (no shield)
rNeg    . . .      Spirit   .   (helmet restricted)
rPois   .          Reflect  .   (no amulet)
rElec   .          Harm     .   (no ring)
rCorr   .          Rampage  .   (no ring)
Will    .....                   (no ring)
Stlth   ++++......              (no ring)
HPRegen 0.10/turn               (no ring)
MPRegen 0.11/turn               (no ring)
                                (no ring)
                                (no ring)

@: very slightly contaminated
A: almost no armour, amphibious, 8 rings, camouflage 1, gelatinous body 1,
(nimble swimmer 1), tentacles
a: no special abilities


You were on level 3 of the Dungeon.
You visited 1 branch of the dungeon, and saw 3 of its levels.

You collected 138 gold pieces.


Innate Abilities, Weirdness & Mutations

You cannot wear most types of armour.
You are amphibious.
You can wear up to eight rings at the same time.
Your skin changes colour to match your surroundings (Stealth+).
Your rubbery body absorbs attacks. (AC +1, EV +1)
((You are camouflaged when in or above water. (Stealth+)))
You have tentacles for arms and can constrict up to eight enemies at once.


   Skills:
 - Level 2.0 Dodging
 - Level 5.0 Stealth
 - Level 2.0 Spellcasting
 - Level 1.0 Transmutations
 + Level 6.2 Poison Magic


You had 5 spell levels left.
You knew the following spells:

 Your Spells              Type           Power      Damage    Failure   Level
a - Sting                 Tmut/Pois      64%        1d6       3%          1
b - Poisonous Vapours     Pois/Air       28%        N/A       7%          2

Your spell library contained the following spells:

 Spells                   Type           Power      Damage    Failure   Level
 Olgreb's Toxic Radiance  Pois           27%        N/A       12%         4
 Summon Small Mammal      Summ           8%         N/A       16%         1
 Mephitic Cloud           Conj/Pois/Air  10%        N/A       21%         3
 Call Canine Familiar     Summ           2%         N/A       43%         3
 Summon Guardian Golem    Hex/Summ       2%         N/A       43%         3

Inventory:

Hand Weapons
 b - a +0 dagger (weapon) {short}
   (You took it off a goblin on level 1 of the Dungeon)
Wands
 g - a wand of digging (3)
   (You found it on level 2 of the Dungeon)
Scrolls
 c - a scroll of blinking {unknown}
 e - a scroll of fog {unknown}
 j - a scroll of summoning {unknown}
Potions
 a - a potion of magic
 d - a potion of mutation {unknown}
 f - a potion of lignification {unknown}
 h - 2 potions of heal wounds {unknown}
 i - 2 potions of haste {unknown}

Dungeon Overview and Level Annotations

Branches:
Dungeon (3/15) Zot: 14491

Altars:
Cheibriados

Annotations:
D:3 1 runed translucent door, Crazy Yiuf, Ijyb

.......##...# #.#.#
#.###....
............# #.#.#
##.#.####
..#######.#>#
####.#.## ##.## #
... ........#
#.......# #.# #
#####...# #.###...#
#.# # ####...####.#
#...# #.# #
...........#.#
#...####.#
##.###..##.#.#
#).......# #
#..##.#@###..#######
#.....g......#
#..)....###.#######
#####.###
#.......###### #.#
#######...)... #.#
######## ..# ###


You could see Ijyb (extremely poisoned).


Message History

HP[-2]
You take 2 damage, and now have 14/31 hp.
You hit the goblin but do no damage. You constrict the goblin.
The goblin hits you but does no damage.
You hit the goblin.
You kill the goblin!
You hit the hobgoblin. Your grab misses the hobgoblin.
You tentacle-slap the hobgoblin, but do no damage.
You squeeze the hobgoblin. The hobgoblin barely misses you.
You closely miss the hobgoblin. Your grab misses the hobgoblin.
You squeeze the hobgoblin, but do no damage.
The hobgoblin hits you.
* * * LOW HITPOINT WARNING * * *
HP[-3]
You take 3 damage, and now have 11/31 hp.
You hit the hobgoblin but do no damage. You grab the hobgoblin.
You squeeze the hobgoblin.
You kill the hobgoblin!
MP[+1]
You closely miss the goblin. You grab the goblin. You constrict the goblin.
The goblin hits you with a +0 dagger.
* * * LOW HITPOINT WARNING * * *
HP[-3]
You take 3 damage, and now have 8/31 hp.
You hit the goblin.
You kill the goblin!
Items here: )) ††††.
HP[+1]
You start resting.
Ijyb is nearby!
HP[+13] MP[+7]
You regained 13 hp, and now have 22/31 hp.
Your mp is fully restored (8).
Items here: )) ††††.
HP[+1]
You start resting.
HP[+8]
Your hp is fully restored (31).
Items here: )) ÷÷÷÷.
Ijyb shouts!
Ijyb barely misses you.
You hit Ijyb. Your grab misses Ijyb. Ijyb hits you with a +0 club!
HP[-7]
You take 7 damage, and now have 24/31 hp.
MASSIVE DAMAGE!! (PAUSE)
You hit Ijyb but do no damage. You grab Ijyb. You squeeze Ijyb.
You constrict Ijyb, but do no damage.
Ijyb zaps a wand.
The bolt of dispelling energy misses you.
Casting: Sting (safe; 3% risk of failure)
Confirm with . or Enter, or press ? or * to list all spells.
Aiming: Sting (safe; 3% risk of failure)
Press: ? - help, Shift-Dir - straight line, f - Ijyb
Aim: Ijyb, wielding a +0 club, wearing a +0 ring mail and carrying a wand of quicksilver (4) (moderately wounded, constricted by you, 100% to hit)
The sting hits Ijyb but does no damage.
Ijyb is poisoned.
You constrict Ijyb, but do no damage. Ijyb barely misses you.
MP[-1]
You lost 1 mp, and now have 7/8 mp.
Casting: Sting (safe; 3% risk of failure)
Confirm with . or Enter, or press ? or * to list all spells.
Aiming: Sting (safe; 3% risk of failure)
Press: ? - help, Shift-Dir - straight line, f/p - Ijyb
Aim: Ijyb, wielding a +0 club, wearing a +0 ring mail and carrying a wand of quicksilver (4) (moderately wounded, constricted by you, poisoned, 100% to hit)
The sting hits Ijyb.
Ijyb looks even sicker.
You constrict Ijyb. Ijyb misses you.
MP[-1]
You lost 1 mp, and now have 6/8 mp.
Casting: Sting (safe; 3% risk of failure)
Confirm with . or Enter, or press ? or * to list all spells.
Aiming: Sting (safe; 3% risk of failure)
Press: ? - help, Shift-Dir - straight line, f/p - Ijyb
Aim: Ijyb, wielding a +0 club, wearing a +0 ring mail and carrying a wand of quicksilver (4) (heavily wounded, constricted by you, very poisoned, 100% to hit)
The sting hits Ijyb.
Ijyb looks even sicker.
You constrict Ijyb.
Ijyb zaps a wand.
The bolt of dispelling energy hits you!
* * * LOW HITPOINT WARNING * * *
HP[-15] MP[-1]
You take 15 damage, and now have 9/31 hp.
MASSIVE DAMAGE!! (PAUSE)
You lost 1 mp, and now have 5/8 mp.
Casting: Sting (safe; 3% risk of failure)
Confirm with . or Enter, or press ? or * to list all spells.
Aiming: Sting (safe; 3% risk of failure)
Press: ? - help, Shift-Dir - straight line, f/p - Ijyb
Aim: Ijyb, wielding a +0 club, wearing a +0 ring mail and carrying a wand of quicksilver (3) (heavily wounded, constricted by you, very poisoned, 100% to hit)
You miscast Sting.
You are very lightly contaminated with residual magic.
Nothing appears to happen.
You constrict Ijyb. Ijyb hits you with a +0 club.
* * * LOW HITPOINT WARNING * * *
HP[-6] MP[-1]
You take 6 damage, and now have 3/31 hp.
You lost 1 mp, and now have 4/8 mp.
Casting: Sting (safe; 3% risk of failure)
Confirm with . or Enter, or press ? or * to list all spells.
Aiming: Sting (safe; 3% risk of failure)
Press: ? - help, Shift-Dir - straight line, f/p - Ijyb
Aim: Ijyb, wielding a +0 club, wearing a +0 ring mail and carrying a wand of quicksilver (3) (severely wounded, constricted by you, very poisoned, 100% to hit)
The sting hits Ijyb.
Ijyb looks as sick as possible!
You constrict Ijyb. Ijyb hits you with a +0 club.
You die...

Skill      XL: |  1  2  3  4  5 |
---------------+----------------+-----
Stealth        | 3 4 5 |  5.0
Poison Magic   | 4 5 6 |  6.2
Dodging        | |  2.0
Spellcasting   | |  2.0
Transmutations | |  1.0

Action                   |  1- 3 |  4- 6 || total
-------------------------+-------+-------++-------
Melee: Unarmed           |     4 |       ||     4
       Tentacles         |     7 |    13 ||    20
       Dagger            |    47 |    38 ||    85
       Constrict         |    15 |    12 ||    27
       Punch             |       |     1 ||     1
 Cast: Sting             |    35 |     9 ||    44
       Poisonous Vapours |     3 |     4 ||     7
 Stab: Sleeping          |     7 |     5 ||    12
Armor: Skin              |    12 |     2 ||    14
Dodge: Dodged            |    50 |    20 ||    70

Levels and vault maps discovered:
D:1:      dpeg_arrival_windows_large_door, layout_rooms
D:2:      layout_loops_ring, basic_ecumenical_altar, basic_altar, serial_undead,
          serial_undead_d, serial_undead_c, serial_undead_c, serial_undead_d,
          hangedman_feature_mirror, kennysheep_donut
D:3:      layout_loops_ring, serial_park_tiny_2, minmay_misc_feat_ornament,
          uniq_crazy_yiuf_cottage, uniq_natasha, uniq_ijyb, uniq_robin,
          uniq_jessica

Notes
Turn   | Place    | Note
-------+----------+-------------------------------------------
     0 | D:1      | zeratav the Octopode Venom Mage began the quest for the
                  | Orb.
     0 | D:1      | Reached XP level 1. HP: 11/11 MP: 3/3
     0 | D:1      | magus.rc [v1.9.6]
    62 | D:1      | Reached skill level 3 in Stealth
   149 | D:1      | Reached XP level 2. HP: 9/17 MP: 0/5
   160 | D:1      | Reached skill level 4 in Poison Magic
   637 | D:1      | You pick up a book of Callings and begin reading...
   637 | D:1      | You add the spells Summon Small Mammal, Call Canine
                  | Familiar and Summon Guardian Golem to your library.
   845 | D:1      | Reached XP level 3. HP: 13/21 MP: 6/6
  1205 | D:2      | Reached skill level 4 in Stealth
  1520 | D:2      | Found a faded altar of an unknown god.
  1613 | D:2      | Found a snail-covered altar of Cheibriados.
  1866 | D:2      | Learned a level 2 spell: Poisonous Vapours
  1867 | D:2      | HP: 5/21 [poisoned by an adder]
  2337 | D:3      | Noticed Ijyb
  2656 | D:3      | Reached XP level 4. HP: 27/27 MP: 7/7
  2748 | D:3      | Noticed Jessica
  2750 | D:3      | Killed Jessica
  2751 | D:3      | Reached skill level 5 in Stealth
  2751 | D:3      | Reached skill level 5 in Poison Magic
  2907 | D:3      | Noticed Natasha
  2915 | D:3      | Killed Natasha
  2916 | D:3      | Reached XP level 5. HP: 31/31 MP: 8/8
  3047 | D:3      | Found a runed translucent door.
  3048 | D:3      | Noticed Crazy Yiuf
  3193 | D:3      | Noticed Robin
  3199 | D:3      | Reached skill level 6 in Poison Magic
  3207 | D:3      | Killed Robin
  3508 | D:3      | HP: 3/31 [Ijyb/+0 club (6)]
  3509 | D:3      | Slain by Ijyb

Vanquished Creatures
  Jessica (D:3)
  Natasha (D:3)
  Robin (D:3)
  3 adders
  An adder skeleton (D:2)
  A dart slug (D:3)
  3 orcs (D:3)
  A bat skeleton (D:2)
  2 bat zombies (D:2)
  6 endoplasms
  4 giant cockroaches
  10 goblins
  7 hobgoblins
  4 quokkas (D:1)
  4 ball pythons
  A ball python skeleton (D:2)
  4 bats
  A frilled lizard (D:1)
  A kobold (D:3)
  5 rats
61 creatures vanquished.

Table legend:
 A = Non-vault XP
 B = Vault XP
 C = Vault XP percentage of total XP
 D = Non-vault monster count
 E = Vault monster count
 F = Vault count percentage of total count
                 A         B        C        D         E       F
            +---------+---------+-------+---------+---------+-------
      Total |     117 |     116 |  49.8 |      45 |      16 |  26.2
            +---------+---------+-------+---------+---------+-------
        D:1 |      36 |       0 |   0.0 |      22 |       0 |   0.0
        D:2 |      23 |      12 |  34.3 |       7 |       5 |  41.7
        D:3 |      58 |     104 |  64.2 |      16 |      11 |  40.7
            +---------+---------+-------+---------+---------+-------

Illustrated notes

Table legend:
 A = Kills in this place as a percentage of kills in entire the game.
 B = Kills by you in this place as a percentage of kills by you in the entire game.
 C = Kills by friends in this place as a percentage of kills by friends in the entire game.
 D = Other kills in this place as a percentage of other kills in the entire game.
 E = Experience gained in this place as a percentage of experience gained in the entire game.
 F = Experience gained in this place divided by the number of levels of this place that you have seen.
                   A       B       C       D       E      F
               +-------+-------+-------+-------+-------+----------------------
         Total | 100.0 | 100.0 |   N/A |   N/A | 100.0 |  77.7
       Dungeon | 100.0 | 100.0 |   N/A |   N/A | 100.0 |  77.7
               +-------+-------+-------+-------+-------+----------------------

Table legend: (Time is in decaauts)
 A = Elapsed time spent in this place.
 B = Non-inter-level travel time spent in this place.
 C = Inter-level travel time spent in this place.
 D = Time resting spent in this place.
 E = Time spent auto-exploring this place.
 F = Levels seen in this place.
 G = Mean time per level.
                   A        B        C        D        E       F      G
               +--------+--------+--------+--------+--------+-----+--------+
         Total |   3508 |   3391 |    117 |    873 |   2097 |   3 | 1169.3 |
       Dungeon |   3508 |   3391 |    117 |    873 |   2097 |   3 | 1169.3 |
               +--------+--------+--------+--------+--------+-----+--------+

Top non-repeatable levels by time:
     D:3: 1294 daAuts
     D:2: 1206 daAuts
     D:1: 1006 daAuts
